Map: LotV Custom - Nimbus LE - Archon Mode

Players

Hindulaatti - Winner!

  • Race: Zerg Zerg
  • League: Platinum
  • Spawn Location: 11:00

WikiPooh - Winner!

  • Race: Terran Terran
  • League: Platinum

Zeon - Winner!

  • Race: Terran Terran
  • League: Gold

Smirgl

  • Race: Protoss Protoss
  • League: Platinum
  • Spawn Location: 5:00

Reblaus

  • Race: Zerg Zerg
  • League: Gold

VOD

Have the link to the VOD?

Description

Time

  • Played on: Dec. 15, 2014, 10:32 a.m.
  • Length: 9:17
Show
View Real Time Build Order
Export as new Build Order

Hindulaatti Zerg - Winner!

Build Orders:  

Get SALT Encoding   

  12  0:00  SCV  
  13  0:13  SCV  
  14  0:17  Supply Depot  
  14  0:27  SCV  
  15  0:39  SCV  
  16  0:44  Barracks  
  16  0:52  Refinery, SCV  
  17  1:04  SCV, Barracks  
  18  1:16  SCV  
  19  1:31  Orbital Command  
  19  1:34  Reaper  
  20  1:45  Supply Depot  
  20  1:55  Marine  
  20  1:58  SCV  
  22  2:08  Command Center  
  22  2:10  Reaper  
  22  2:15  SCV  
  24  2:16  Marine  
  25  2:27  SCV  
  25  2:28  Supply Depot  
  26  2:34  Reaper  
  27  2:43  Reaper  
  28  2:44  SCV  
  28  2:51  Refinery  
  29  2:57  SCV  
  29  2:58  Barracks  
  30  3:06  Barracks Reactor  
  30  3:10  SCV  
  31  3:16  Barracks Tech Lab  
  30  3:22  Orbital Command, SCV  
  30  3:34  Supply Depot, SCV  
  30  3:35  Stimpack  
  32  3:48  Marine  
  32  3:49  Marine x2  
  32  3:51  SCV x2  
  37  4:03  SCV  
  37  4:05  SCV  
  37  4:07  Barracks Reactor  
  37  4:09  Marine x2  
  41  4:14  Barracks  
  41  4:15  SCV  
  41  4:17  Factory, Unknown, SCV  
  42  4:19  Refinery  
  42  4:20  Refinery  
  43  4:26  Marine  
  43  4:27  Marine, SCV  
  43  4:30  SCV  
  49  4:39  SCV  
  49  4:42  SCV  
  49  4:43  Supply Depot  
  49  4:44  Marine x2  
  49  4:45  Marine x2  
  55  4:52  SCV  
  56  4:54  SCV  
  56  4:59  Unknown  
  60  5:02  Marine x2  
  60  5:04  Starport, Factory Reactor, Marine x2  
  64  5:08  SCV x2  
  64  5:12  Supply Depot  
  66  5:15  Supply Depot, Barracks Reactor  
  66  5:20  Marine, SCV x2  
  69  5:27  Unknown  
  69  5:32  SCV  
  69  5:33  SCV  
  71  5:44  SCV  
  71  5:45  SCV  
  67  5:56  SCV  
  58  5:58  SCV  
  58  6:03  Marine x2  
  58  6:04  Marauder, Marine x4  
  62  6:08  SCV  
  62  6:10  SCV  
  67  6:15  Command Center  
  67  6:18  Medivac x2  
  67  6:20  SCV  
  67  6:21  Marine x3  
  67  6:25  Marauder, SCV  
  78  6:29  Combat Shields  
  78  6:30  Supply Depot x2  
  78  6:31  Supply Depot  
  78  6:32  SCV  
  79  6:35  Factory Tech Lab  
  79  6:39  SCV  
  80  6:41  Marine x6  
  86  6:48  Supply Depot  
  86  6:51  Marine  
  87  6:55  Medivac x2  
  87  6:59  Marine x3  
  94  7:06  Engineering Bay, SCV x2  
  96  7:10  Marine x3  
  96  7:14  Marauder  
  100  7:16  Marine x2  
  100  7:17  Marine  
  100  7:18  SCV  
  100  7:19  Engineering Bay, SCV  
  100  7:20  Engineering Bay  
  105  7:27  Marine  
  105  7:28  Marine x2  
  108  7:31  Medivac, Viking, SCV x2  
  114  7:38  Supply Depot x2  
  114  7:43  Orbital Command, SCV x2  
  116  7:55  Marine  
  116  7:56  Marine x5  
  124  7:58  SCV  
  124  8:03  SCV  
  126  8:05  Medivac  
  126  8:09  Refinery  
  126  8:11  Refinery  
  128  8:13  Marine x2  
  130  8:24  Unknown  
  134  8:27  SCV x3  
  134  8:32  Marine x3  
  139  8:40  Armory  
  139  8:41  Missile Turret  
  139  8:44  Missile Turret  
  139  8:45  Missile Turret, Marine x2  
  139  8:46  Missile Turret  
  140  8:49  Marine, SCV x3  
  140  8:50  Marine x3  
  140  8:52  Unknown  
  140  8:53  Marauder  
  149  8:55  Ghost Academy  
Show
View Real Time Build Order
Export as new Build Order

WikiPooh Terran - Winner!

Build Orders:  

Get SALT Encoding   

Show
View Real Time Build Order
Export as new Build Order

Zeon Terran - Winner!

Build Orders:  

Get SALT Encoding   

Show
View Real Time Build Order
Export as new Build Order

Smirgl Protoss 

Build Orders: 1 Gate Expand 

Get SALT Encoding   

  12  0:00  Probe  
  13  0:14  Pylon  
  13  0:18  Probe  
  14  0:32  Probe  
  15  0:39  Gateway  
  15  0:44  Probe (Chrono Boost)  
  16  0:56  Probe (Chrono Boost)  
  17  1:03  Probe (Chrono Boost)  
  18  1:13  Probe  
  19  1:19  Nexus  
  19  1:25  Probe (Chrono Boost)  
  20  1:35  Probe (Chrono Boost)  
  20  1:36  Pylon  
  21  1:42  Probe (Chrono Boost)  
  21  1:46  Assimilator  
  22  1:48  Assimilator  
  22  1:56  Probe (Chrono Boost)  
  22  2:00  Cybernetics Core  
  22  2:03  Zealot  
  24  2:11  Pylon  
  24  2:14  Probe (Chrono Boost)  
  26  2:24  Probe (Chrono Boost)  
  28  2:41  Probe (Chrono Boost)  
  30  2:46  Probe (Chrono Boost)  
  30  2:48  Stalker (Chrono Boost)  
  32  2:52  Mothership Core (Chrono Boost)  
  32  2:54  Pylon  
  32  2:55  Probe (Chrono Boost)  
  33  3:05  Probe  
  33  3:07  Probe  
  34  3:17  Probe  
  34  3:20  Probe (Chrono Boost)  
  34  3:22  Stalker (Chrono Boost)  
  34  3:25  Gateway  
  34  3:26  Gateway  
  36  3:29  Probe (Chrono Boost)  
  36  3:33  Warp Gate (Chrono Boost)  
  37  3:40  Assimilator, Probe (Chrono Boost)  
  39  3:42  Probe (Chrono Boost)  
  39  3:44  Assimilator  
  39  3:50  Probe (Chrono Boost)  
  39  3:53  Robotics Facility  
  40  4:00  Sentry  
  43  4:02  Probe (Chrono Boost)  
  43  4:04  Pylon  
  43  4:18  Nexus  
  41  4:38  Stalker, Zealot, Sentry  
  47  4:42  Robotics Bay  
  47  4:47  Probe (Chrono Boost)  
  47  4:51  Probe (Chrono Boost)  
  49  4:55  Observer  
  49  4:59  Probe (Chrono Boost)  
  52  5:01  Probe (Chrono Boost)  
  52  5:08  Probe x2  
  52  5:13  Pylon  
  54  5:15  Warp Prism (Chrono Boost), Assimilator  
  54  5:19  Assimilator, Pylon  
  54  5:20  Probe  
  57  5:23  Probe (Chrono Boost)  
  60  5:36  Probe (Chrono Boost)  
  60  5:37  Probe (Chrono Boost)  
  60  5:38  Pylon, Probe (Chrono Boost)  
  60  5:42  Zealot  
  58  5:44  Observer (Chrono Boost)  
  58  5:45  Probe x2 (Chrono Boost), Zealot  
  61  5:53  Stalker  
  61  5:54  Probe  
  61  5:56  Probe  
  62  6:03  Probe  
  63  6:06  Probe  
  63  6:08  Probe (Chrono Boost)  
  63  6:09  Disruptor (Chrono Boost)  
  63  6:11  Pylon  
  69  6:12  Forge  
  69  6:17  Forge, Probe (Chrono Boost)  
  69  6:18  Probe (Chrono Boost)  
  71  6:28  Probe x2 (Chrono Boost)  
  71  6:29  Probe (Chrono Boost)  
  74  6:33  Twilight Council  
  74  6:35  Probe (Chrono Boost)  
  74  6:39  Zealot  
  79  6:40  Zealot  
  79  6:41  Probe x2 (Chrono Boost)  
  85  6:48  Probe x2 (Chrono Boost)  
  85  6:49  Probe  
  85  6:52  Disruptor (Chrono Boost)  
  88  6:56  Protoss Ground Weapons Level 1 (Chrono Boost)  
  88  7:00  Probe  
  89  7:01  Zealot  
  89  7:02  Protoss Ground Armor Level 1 (Chrono Boost)  
  91  7:11  Gateway  
  91  7:13  Gateway  
  89  7:19  Gateway  
  89  7:20  Probe (Chrono Boost)  
  92  7:22  Zealot  
  92  7:25  Charge  
  92  7:26  Probe x2 (Chrono Boost)  
  92  7:29  Disruptor  
  96  7:30  Templar Archives  
  96  7:31  Probe (Chrono Boost)  
  96  7:34  Probe x2 (Chrono Boost)  
  97  7:40  Probe  
  97  7:43  Pylon  
  98  7:45  Pylon, Probe x2  
  98  7:48  Gateway, Zealot  
  98  7:49  Gateway  
  102  7:58  Zealot x2  
  71  8:36  High Templar  
  71  8:46  Zealot x2  
  71  8:47  Zealot x4  
  66  9:06  High Templar  
  66  9:07  High Templar x2  
  68  9:13  Zealot x4  
  68  9:14  Zealot  
Show
View Real Time Build Order
Export as new Build Order

Reblaus Zerg 

Build Orders:  

Get SALT Encoding   

Tags
 
Add a new tag
Caveats
  • Supply blocks, unpowered buildings, or Contaminate may cause inaccurate times.
  • Supply counts are checked every 10 seconds.